 Dungeon Sprint DCSS version 0.31.0-12-g77e489cdc1 (webtiles) character file.

Game seed: 17365431518024180754

1806 Minsecho the Carver (level 9, -5/62 (75) HPs)
             Began as a Barachi Reaver on Feb 18, 2024.
             Was a Believer of Okawaru.
             Slain by an orc knight
             ... wielding a +1 battleaxe
              (22 damage)
             ... in the Dungeon (Sprint III: "The Ten Rune Challenge").
             The game lasted 00:07:28 (939 turns).

Minsecho the Carver (Barachi Reaver)                 Turns: 939, Time: 00:07:29

HP:   -5/62 (75)    AC:  5    Str: 14    XL:     9   Next: 9%
MP:   5/20          EV: 14    Int: 14    God:    Okawaru [**....]
Gold: 41            SH:  0    Dex: 14    Spells: 15/23 levels left

rFire   . . .        g - +0 long sword (holy)
rCold   . . .        (no shield)
rNeg    . . .        b - +0 leather armour
rPois   .            (no helmet)
rElec   .            d - +0 cloak
rCorr   .            (no gloves)
SInv    .            (no boots)
Will    .....        (no amulet)
Stlth   ++           (no ring)
HPRegen 0.30/turn    (no ring)
MPRegen 0.17/turn

%: no teleportation
@: unable to hop, immotile, hasted, heavily drained, quick
A: amphibious, slowness 1, strong legs 1, +LOS
a: Hop, Renounce Religion, Heroism


You were in the Dungeon.
You worshipped Okawaru.
Okawaru was pleased with you.
You visited 1 branch You collected 41 gold pieces.

Inventory:

Hand Weapons
 a - a +0 falchion
 g - a +0 long sword of holy wrath (weapon)
Armour
 b - a +0 leather armour (worn)
 d - a +0 cloak (worn)
Scrolls
 h - a scroll of blinking
 i - a scroll of amnesia
 k - 2 scrolls of torment
 l - a scroll of identify
Potions
 c - a potion of curing
 f - 2 potions of magic
 j - 5 potions of mutation
 m - 4 potions of enlightenment
Miscellaneous
 o - a phial of floods


   Skills:
 + Level 8.4 Fighting
 + Level 12.0 Long Blades
 + Level 6.6 Armour
 + Level 6.3 Dodging
 + Level 3.3 Stealth
 + Level 7.5 Spellcasting
 + Level 9.6 Conjurations
 + Level 2.7 Summonings
 + Level 3.0 Necromancy
 + Level 5.2 Translocations
 + Level 4.0 Ice Magic
 * Level 2.9 Invocations


You had 15 spell levels left.
You knew the following spells:

 Your Spells              Type           Power      Damage    Failure   Level
a - Kiss of Death         Conj/Necr      92%        2d12      1%          1
b - Momentum Strike       Conj/Tloc      52%        3d9       1%          2
c - Hailstorm             Conj/Ice       24%        3d7       3%          3
d - Call Imp              Summ           24%        N/A       9%          2

Your spell library contained the following spells:

 Spells                   Type           Power      Damage    Failure   Level
 Apportation              Tloc           40%        N/A       1%          1
 Magic Dart               Conj           100%       1d8       1%          1
 Sting                    Conj/Alch      72%        1d7       2%          1
 Blink                    Tloc           40%        N/A       3%          2
 Necrotise                Necr           52%        1d6       4%          1
 Summon Small Mammal      Summ           Unusable   N/A       N/A         1

Dungeon Overview and Level Annotations

Branches:
Dungeon (1/1)

Altars:
Cheibriados
Dithmenos
Elyvilon
Fedhas
Gozag
Hepliaklqana
Kikubaaqudgha
Makhleb
Nemelex Xobeh
Okawaru
Qazlal
Ru
Sif Muna
Trog
Uskayaw
Vehumet
Wu Jian
Xom
Yredelemnul
Zin
The Shining One
Jiyva
Lugonu

Annotations:
D Snorg


Innate Abilities, Weirdness & Mutations

You are amphibious.
You cover ground slowly.
You can hop short distances.
You have an extended range of vision and can be seen from far away.


Message History

Okawaru accepts your kill.
The hail pelts the orc warrior.
The orc warrior is almost dead.
The orc knight barely misses you. The orc warrior closely misses you.
The orc knight hits you with a +0 war axe!!
* * * LOW HITPOINT WARNING * * *
Unknown command.
Unknown command.
Unknown command.
Unknown command.
Okay, then.
Unknown command.
Okay, then.
Casting: Hailstorm (dangerous; 3% risk of failure)
Confirm with . or Enter, or press ? or * to list all spells.
Casting: Hailstorm (dangerous; 3% risk of failure)
Press: ? - help, Dir - look around, f - activate A cannonade of hail descends around you!
The hail pelts the orc warrior!
You kill the orc warrior!
Okawaru accepts your kill. The orc knight closely misses you.
The orc knight misses you.
Your Long Blades skill increases to level 12!
Unknown command.
Unknown command.
Unknown command.
Unknown command.
You hit the orc knight but do no damage.
The orc knight is heavily wounded.
Casting: Hailstorm (dangerous; 3% risk of failure)
Confirm with . or Enter, or press ? or * to list all spells.
Aiming: Kiss of Death (safe; 1% risk of failure)
Press: ? - help, Shift-Dir - straight line, f - orc knight
Aim: an orc knight, wielding a +1 battleaxe and wearing a +0 plate armour (heavily wounded, strong, lightly drained, 100% to hit)
The negative energy hits the orc knight!
The orc knight is drained!
The orc knight is severely wounded.
You feel drained.
The orc knight hits you with a +1 battleaxe!!
You die...

▓▓▓ ▓▓▓ ##.############
$$###
####..#___#___#__###$$#$
#..#..#...#__)#._#...oo
#..#..###'#'###)##$o..
##'#..#..........#o$o
###...'.⌠......o@#oo
###...#...######o#o#
##....#.⌠.#__#.))#o#####
#.....#...#__#.$o#..~~~+
÷.....#)###__#...#.#§§§#
#.....#)..#__#...'.#§§§#
##....#___#__'...#.# T.#
▓▓▓▓▓▓▓▓▓▓▓▓▓▓▓▓▓▓▓ ▓▓▓


You could see 2 orc knights and an orc wizard.

Vanquished Creatures
  A deep elf pyromancer (D)
  An orc sorcerer (D)
  A shadow (D)
  A spatial vortex (D)
  An orc warrior (D)
  A necrophage (D)
  A scorpion (D)
  A water elemental (D)
  A jelly (D)
  Jessica (D)
  An arcanist (D)
  A necromancer (D)
  3 humans (D)
  A kobold demonologist (D)
  2 orcs (D)
  An endoplasm (D)
  2 rats (D)
21 creatures vanquished.

Notes
Turn   | Place    | Note
-------+----------+-------------------------------------------
     0 | D        | Minsecho the Barachi Reaver began the quest for the Orb.
     0 | D        | Reached XP level 1. HP: 17/17 MP: 3/3
    14 | D        | Reached skill level 4 in Long Blades
    53 | D        | Noticed Jessica
    60 | D        | Killed Jessica
    61 | D        | Reached skill level 5 in Long Blades
    61 | D        | Reached skill level 5 in Conjurations
    61 | D        | Reached XP level 2. HP: 20/24 MP: 2/5
    61 | D        | Reached XP level 3. HP: 24/29 MP: 2/7
    91 | D        | Learned a level 2 spell: Momentum Strike
    95 | D        | Learned a level 3 spell: Hailstorm
   127 | D        | Reached skill level 1 in Ice Magic
   193 | D        | Noticed a scorpion
   195 | D        | Killed a scorpion
   196 | D        | Reached skill level 6 in Long Blades
   196 | D        | Reached skill level 1 in Armour
   196 | D        | Reached skill level 1 in Necromancy
   196 | D        | Reached XP level 4. HP: 31/37 MP: 4/9
   263 | D        | Noticed a water elemental
   271 | D        | Killed a water elemental
   272 | D        | Reached skill level 7 in Long Blades
   272 | D        | Reached XP level 5. HP: 24/42 MP: 7/11
   346 | D        | Found a radiant altar of Vehumet.
   346 | D        | Found a shimmering blue altar of Sif Muna.
   346 | D        | Found an ancient bone altar of Kikubaaqudgha.
   355 | D        | Noticed a rust devil
   369 | D        | Learned a level 2 spell: Call Imp
   420 | D        | Found a hide-covered altar of Uskayaw.
   420 | D        | Found an iron altar of Okawaru.
   420 | D        | Found a bloodstained altar of Trog.
   420 | D        | Found an ornate altar of the Wu Jian Council.
   420 | D        | Noticed a human
   432 | D        | Killed a human
   433 | D        | Reached skill level 8 in Long Blades
   433 | D        | Reached skill level 5 in Spellcasting
   433 | D        | Reached XP level 6. HP: 37/50 MP: 7/14
   433 | D        | Noticed a human
   461 | D        | Killed a human
   462 | D        | Reached skill level 5 in Fighting
   462 | D        | Reached XP level 7. HP: 47/56 MP: 8/16
   525 | D        | Became a worshipper of Warmaster Okawaru
   529 | D        | Found a glowing silver altar of Zin.
   529 | D        | Found a glowing golden altar of the Shining One.
   529 | D        | Found a white marble altar of Elyvilon.
   529 | D        | Noticed a deep elf pyromancer
   535 | D        | Killed a deep elf pyromancer
   535 | D        | Reached * piety under Okawaru
   536 | D        | Reached skill level 10 in Long Blades
   536 | D        | Reached skill level 5 in Armour
   536 | D        | Reached skill level 5 in Dodging
   536 | D        | Reached XP level 8. HP: 44/65 MP: 11/18
   646 | D        | Found a basalt altar of Yredelemnul.
   646 | D        | Found a shadowy altar of Dithmenos.
   646 | D        | Found a sacrificial altar of Ru.
   666 | D        | Noticed a shadow
   672 | D        | Killed a shadow
   672 | D        | Reached ** piety under Okawaru
   817 | D        | Found a blossoming altar of Fedhas.
   817 | D        | Found a stormy altar of Qazlal.
   818 | D        | Found a snail-covered altar of Cheibriados.
   818 | D        | Found a burning altar of Makhleb.
   818 | D        | Found a hazy altar of Hepliaklqana.
   818 | D        | Found a shimmering altar of Xom.
   818 | D        | Found an opulent altar of Gozag.
   818 | D        | Found a sparkling altar of Nemelex Xobeh.
   818 | D        | Found a corrupted altar of Lugonu.
   818 | D        | Found a viscous altar of Jiyva.
   833 | D        | Reached skill level 11 in Long Blades
   904 | D        | Noticed an orc sorcerer
   905 | D        | Noticed an orc knight
   905 | D        | Noticed an orc knight
   905 | D        | Noticed Snorg
   928 | D        | Killed an orc sorcerer
   929 | D        | Reached skill level 5 in Translocations
   929 | D        | Reached XP level 9. HP: 63/74 MP: 17/20
   938 | D        | Reached skill level 12 in Long Blades
   939 | D        | Slain by an orc knight

Illustrated notes

Levels and vault maps discovered:
D:        dungeon_sprint_mu [sprint_mu_entry_cave, sprint_mu_temple_rooms,
          sprint_mu_d1_horrors, sprint_mu_d2_genie, sprint_mu_d3_branching,
          sprint_mu_orc_legion, sprint_mu_elf_gauntlet, sprint_mu_hive_nellie,
          sprint_mu_lair_fedhas, sprint_mu_vaults_butterflies,
          sprint_mu_slime_circle, sprint_mu_swamp_cave, sprint_mu_shoals_archi,
          sprint_mu_blade_basic, sprint_mu_crypt_fortress,
          sprint_mu_tomb_spiral, sprint_mu_vestibule_basic,
          sprint_mu_gehenna_hellfire, sprint_mu_dis_giant,
          sprint_mu_tartarus_statrot, sprint_mu_cocytus_islands, sprint_mu_zot1]

Skill      XL: |  1  2  3  4  5  6  7  8  9 |
---------------+----------------------------+-----
Long Blades    | 5 6 7 8 10 11 12 | 12.0
Fighting       | 3 4 5 6 8 |  8.4
Conjurations   | 5 6 7 8 9 |  9.6
Spellcasting   | 3 4 5 6 7 |  7.5
Ice Magic      | 2 3 4 |  4.0
Armour         | 1 2 3 5 6 |  6.6
Dodging        | 3 4 5 6 |  6.3
Necromancy     | 1 2 3 |  3.0
Translocations | 2 3 4 5 |  5.2
Stealth        | 2 3 |  3.3
Summonings     | 2 |  2.7
Invocations    | 2 |  2.9

Action                     |  1- 3 |  4- 6 |  7- 9 || total
---------------------------+-------+-------+-------++-------
  Melee: Falchion          |    19 |    37 |       ||    56
         Punch             |       |     1 |     3 ||     4
         Long sword        |       |       |    42 ||    42
   Cast: Kiss of Death     |     3 |     2 |     4 ||     9
         Momentum Strike   |     2 |     3 |     3 ||     8
         Hailstorm         |       |     1 |     4 ||     5
         Call Imp          |       |     1 |       ||     1
 Invoke: Heroism           |       |       |     1 ||     1
Ability: Hop               |       |     1 |     1 ||     2
    Use: Scroll            |       |     2 |       ||     2
         Potion            |       |     2 |     3 ||     5
   Stab: Sleeping          |       |       |     1 ||     1
 Armour: Leather armour    |     9 |    18 |    18 ||    45
  Dodge: Dodged            |    10 |    15 |    18 ||    43
